 Dungeon Crawl Stone Soup version 0.31.0-2-g5a2aebc5c2 (webtiles) character file.

Game seed: 7560189426054094163

870731 inmateoo the Axe Maniac (level 27, -28/273 HPs)
             Began as a Minotaur Fighter on Jan 21, 2024.
             Was the Champion of the Shining One.
             Annihilated by a spark wasp (30 damage)
             ... spawned from a protean progenitor
             ... in Pandemonium.
             The game lasted 01:52:39 (81474 turns).

inmateoo the Axe Maniac (Minotaur Fighter)         Turns: 81474, Time: 01:52:40

Health: -28/273    AC: 20    Str: 24 (26) XL:     27
Magic:  19/39      EV: 16    Int:  6      God:    the Shining One [******]
Gold:   8518       SH: 26    Dex: 18      Spells: 37/37 levels left

rFire   + + .        b - +9 broad axe (holy)
rCold   + + +        x - +1 tower shield {reflect}
rNeg    + + +        U - +7 gold dragon scales "Doopt" {rPois rF+ rC+ Int+5}
rPois   +            Q - +1 hat
rElec   +            m - +1 cloak "Otunyxass" {rElec Dex+2}
rCorr   +            M - +1 pair of gloves of Tender Moments {Regen+ rCorr Stlth-}
SInv    .            u - +1 pair of boots {Stlth+}
Will    ++++.        i - amulet "Qihe" {rPois rC+ Regen+ Str+3} Stlth
                     L - ring of willpower
HPRegen 2.25/turn    O - ring of willpower
MPRegen 0.26/turn

%: reflection
@: corroded, glowing, studying 5 skills, unable to read
A: horns 2, retaliatory headbutt, clumsy 2, cold resistance 1, deformed body,
deterioration 1, dopey 2, fire resistance 1, electricity resistance,
teleportitis 1, weak 1, no potion heal 1, inability to drink after injury 1,
inability to read after injury 1, persistent drain
}: 8/15 runes: serpentine, barnacled, slimy, silver, demonic, magical, fiery,
dark
a: Renounce Religion, Divine Shield, Cleansing Flame, Summon Divine Warrior


You were in Pandemonium.
You worshipped the Shining One.
The Shining One was exalted by your worship.
You visited 11 branches of the dungeon, and saw 51 of its levels.
You visited Pandemonium 1 time, and saw 23 of its levels.
You visited the Abyss 1 time.
You also visited: Trove, Sewer, Gauntlet, Ice Cave, Volcano and Desolation.

You collected 11799 gold pieces.
You spent 3281 gold pieces at shops.

Inventory:

Hand Weapons
 a - a +9 heavy broad axe
 b - a +9 broad axe of holy wrath (weapon)
Missiles
 e - 8 throwing nets (quivered)
 V - 29 silver javelins
Armour
 m - the +1 cloak "Otunyxass" (worn) {rElec Dex+2}
   (You bought it in a shop on level 5 of the Dungeon)

   Dex+2:     It affects your dexterity (+2).
   rElec:     It insulates you from electricity.
 u - a +1 pair of boots of stealth (worn)
 x - a +1 tower shield of reflection (worn)
 M - the +1 pair of gloves of Tender Moments (worn) {Regen+ rCorr Stlth-}
   (You found it on level 5 of the Vaults)

   Regen+:    It increases your rate of health regeneration.
   rCorr:     It protects you from acid and corrosion.
   Stlth-:    It makes you less stealthy.
 Q - a +1 hat (worn)
 S - the +0 pair of gloves "Lonit" {rF+ Str+4}
   (You found it in a Gauntlet)

   Str+4:     It affects your strength (+4).
   rF+:       It protects you from fire.
 U - the +7 gold dragon scales "Doopt" (worn) {rPois rF+ rC+ Int+5}
   (You took it off a minotaur in a Gauntlet)

   Int+5:     It affects your intelligence (+5).
   rF+:       It protects you from fire.
   rC+:       It protects you from cold.
   rPois:     It protects you from poison
Jewellery
 i - the amulet "Qihe" (around neck) {rPois rC+ Regen+ Str+3}
   (You found it on level 1 of the Depths)

   [amulet of regeneration]

   Str+3:     It affects your strength (+3).
   rC+:       It protects you from cold.
   rPois:     It protects you from poison Regen+: It increases your rate of
   health regeneration.
 y - the ring of Fonloqym {rPois rF+++ Will+ Str-5 Int+4}
   (You found it on level 5 of the Vaults)

   [ring of willpower]

   Str-5:     It affects your strength (-5).
   Int+4:     It affects your intelligence (+4).
   rF+++:     It renders you almost immune to fire.
   rPois:     It protects you from poison Will+: It increases your willpower.
 B - a ring of wizardry
 L - a ring of willpower (left hand)
 O - a ring of willpower (right hand)
 R - the ring of Wonusko {Fly rF+ Int+2}
   (You found it in a Gauntlet)

   [ring of flight]

   Int+2:     It affects your intelligence (+2).
   rF+:       It protects you from fire.
   Fly:       It grants you flight.
 T - the ring "Jops" {rF+ rN+ rCorr}
   (You took it off a minotaur in a Gauntlet)

   [ring of protection from fire]

   rF+:       It protects you from fire.
   rN+:       It protects you from negative energy.
   rCorr:     It protects you from acid and corrosion.
Wands
 c - a wand of mindburst (59)
 D - a wand of polymorph (20)
 E - a wand of quicksilver (25)
 J - a wand of iceblast (50)
 W - a wand of digging (45)
Scrolls
 f - 5 scrolls of silence
 l - 23 scrolls of teleportation
 q - 4 scrolls of butterflies
 r - 14 scrolls of fear
 w - 8 scrolls of revelation
 C - 14 scrolls of enchant armour
 F - 15 scrolls of fog
 H - 48 scrolls of identify
 I - 4 scrolls of immolation
 N - 12 scrolls of blinking
Potions
 d - 8 potions of might
 g - 5 potions of berserk rage
 h - 34 potions of curing
 j - 5 potions of magic
 k - 8 potions of haste
 n - 7 potions of resistance
 o - 7 potions of brilliance
 p - 7 potions of mutation
 s - 12 potions of heal wounds
 t - 8 potions of ambrosia
 v - 2 potions of cancellation
 G - 2 potions of enlightenment
Miscellaneous
 z - a box of beasts
 A - a phantom mirror


   Skills:
 O Level 27 Fighting
 O Level 27 Axes
 + Level 24.3 Armour
 + Level 21.9 Dodging
 + Level 24.7 Shields
 + Level 5.9 Spellcasting
 O Level 27 Invocations
 + Level 18.7 Evocations


You had 37 spell levels left.
You didn't know any spells.
Your spell library contained the following spells:

 Spells                   Type           Power      Damage    Failure   Level
 Foxfire                  Conj/Fire      4%         2x1d4     98%         1
 Freeze                   Ice            4%         1d3       98%         1
 Kiss of Death            Conj/Necr      4%         2d5       98%         1
 Magic Dart               Conj           4%         1d3       98%         1
 Sandblast                Erth           2%         2d4       98%         1
 Shock                    Conj/Air       4%         1d3       98%         1
 Slow                     Hex            4%         N/A       98%         1
 Sting                    Conj/Alch      4%         1d3       98%         1
 Cigotuvi's Dreadful Rot  Necr/Alch/Air  2%         N/A       99%         2
 Ensorcelled Hibernation  Hex/Ice        2%         N/A       99%         2
 Lesser Beckoning         Tloc           2%         N/A       99%         2
 Mercury Vapours          Alch/Air       2%         N/A       99%         2
 Momentum Strike          Conj/Tloc      2%         3d8       99%         2
 Searing Ray              Conj           2%         2d4       99%         2
 Static Discharge         Conj/Air       2%         3-4/arc   99%         2
 Sublimation of Blood     Necr           1%         N/A       99%         2
 Confusing Touch          Hex            1%         N/A       100%        3
 Dazzling Flash           Conj/Hex       2%         N/A       100%        3
 Frozen Ramparts          Ice            2%         1d1       100%        3
 Fugue of the Fallen      Necr           1%         N/A       100%        3
 Gell's Gravitas          Tloc           1%         N/A       100%        3
 Hailstorm                Conj/Ice       1%         3d5       100%        3
 Inner Flame              Hex/Fire       1%         N/A       100%        3
 Mephitic Cloud           Conj/Alch/Air  1%         N/A       100%        3
 Ozocubu's Armour         Ice            1%         N/A       100%        3
 Passwall                 Erth           1%         N/A       100%        3
 Stone Arrow              Conj/Erth      2%         3d7       100%        3
 Teleport Other           Tloc           1%         N/A       100%        3
 Vampiric Draining        Necr           1%         2d6       100%        3
 Volatile Blastmotes      Fire/Tloc      2%         2d10      100%        3
 Airstrike                Air            0%         2d(1-17)  100%        4
 Anguish                  Hex/Necr       0%         N/A       100%        4
 Animate Armour           Summ/Erth      2%         N/A       100%        4
 Brom's Barrelling Bould  Conj/Erth      1%         2d3       100%        4
 Cause Fear               Hex            0%         N/A       100%        4
 Dimensional Bullseye     Hex/Tloc       0%         N/A       100%        4
 Dispel Undead            Necr           1%         3d6       100%        4
 Fulminant Prism          Conj/Alch      0%         3d5       100%        4
 Ignite Poison            Fire/Alch      1%         N/A       100%        4
 Iskenderun's Mystic Bla  Conj/Tloc      1%         2d3       100%        4
 Leda's Liquefaction      Alch/Erth      0%         N/A       100%        4
 Manifold Assault         Tloc           1%         N/A       100%        4
 Olgreb's Toxic Radiance  Alch           1%         N/A       100%        4
 Passage of Golubria      Tloc           1%         N/A       100%        4
 Petrify                  Alch/Erth      1%         N/A       100%        4
 Sticky Flame             Fire/Alch      1%         2d4       100%        4
 Summon Blazeheart Golem  Fire/Summ      1%         N/A       100%        4
 Summon Lightning Spire   Summ/Air       1%         N/A       100%        4
 Vhi's Electric Charge    Tloc/Air       2%         N/A       100%        4
 Arcjolt                  Conj/Air       0%         1d10      100%        5
 Fireball                 Conj/Fire      0%         3d3       100%        5
 Freezing Cloud           Conj/Ice/Air   0%         6-21      100%        5
 Irradiate                Conj/Alch      0%         3d11      100%        5
 Iskenderun's Battlesphe  Conj           1%         2d6       100%        5
 Lee's Rapid Deconstruct  Erth           0%         3d4*      100%        5
 Metabolic Englaciation   Hex/Ice        0%         N/A       100%        5
 Silence                  Hex/Air        0%         N/A       100%        5
 Bombard                  Conj/Erth      0%         9d1       100%        6
 Conjure Ball Lightning   Conj/Air       0%         3x3d6     100%        6
 Dispersal                Tloc           0%         N/A       100%        6
 Plasma Beam              Fire/Air       0%         2x1d10    100%        6
 Sculpt Simulacrum        Ice/Alch       0%         N/A       100%        6
 Starburst                Conj/Fire      0%         6d3       100%        6
 Enfeeble                 Hex            0%         N/A       100%        7
 Orb of Destruction       Conj           0%         9d5       100%        7
 Ozocubu's Refrigeration  Ice            0%         4d7       100%        7
 Spellforged Servitor     Conj/Summ      0%         N/A       100%        7
 Discord                  Hex            0%         N/A       100%        8
 Disjunction              Tloc           0%         N/A       100%        8
 Ignition                 Fire           0%         3d3       100%        8
 Lehudib's Crystal Spear  Conj/Erth      0%         10d2      100%        8
 Maxwell's Capacitive Co  Air            0%         ∞         100%        8
 Polar Vortex             Ice            0%         N/A       100%        9


Dungeon Overview and Level Annotations

Branches:
Dungeon (15/15)            Temple (1/1) D:5            Lair (5/5) D:9
 Shoals (4/4) Lair:3        Snake (4/4) Lair:2        Slime (5/5) Lair:4
    Orc (2/2) D:10            Elf (3/3) Orc:2        Vaults (5/5) D:14
  Crypt (3/3) Vaults:2       Tomb (0/3) Crypt:3      Depths (4/4) D:15
    Zot (0/5) Depths:4      Sewer (visited)           IceCv (visited)
Volcano (visited)         Desolation (visited)      Gauntlet (visited)

Altars:
Ashenzari
Cheibriados
Dithmenos
Elyvilon
Fedhas
Gozag
Hepliaklqana
Kikubaaqudgha
Makhleb
Nemelex Xobeh
Okawaru
Qazlal
Ru
Sif Muna
Trog
Uskayaw
Vehumet
Wu Jian
Xom
Yredelemnul
Zin
The Shining One
Jiyva

Shops:
D:1 (   D:5 =[(   D:7 (   D:8 ?   D:10 (   D:13 :*=   Orc:2 (((([   Elf:2 !
Snake:4 =:=   Vaults:1 !   Vaults:2 *   Vaults:4 =

Portals:
Hell: Depths:1 Depths:2 Depths:3 Depths:4
Abyss: Depths:2 Depths:3
Pandemonium: Depths:1 Depths:2 Depths:3
Ziggurat: Depths:3

Annotations:
D:10 1 transporter


Innate Abilities, Weirdness & Mutations

You have a pair of horns on your head.
You reflexively headbutt those who attack you in melee.
You are very clumsy. (Dex -4)
Your flesh is cold resistant. (rC+)
Armour fits poorly on your strangely shaped body.
Your body sometimes deteriorates upon taking damage.
You are very dopey. (Int -4)
Your flesh is heat resistant. (rF+)
You are resistant to electric shocks. (rElec)
You are occasionally teleported next to monsters.
You are weak. (Str -2)
Potions are less effective at restoring your health.
You occasionally lose the ability to drink potions when taking damage.
You occasionally lose the ability to read scrolls when taking damage.
Your health recovers twice as slowly from being drained.


Message History

You hear a bleat!
You block the spark wasp's attack.
You block the guardian serpent's attack.
You hear a grinding noise.
The fire dragon breathes flames at you. The blast of flame hits you!
You resist.
* * * LOW HITPOINT WARNING * * *
You block the spark wasp's attack. The fire dragon breathes flames at you.
The blast of flame misses you.
You block the guardian serpent's attack.
You hear a grinding noise.
Activating: Cleansing Flame (0% risk of failure)
Press: ? - help, Dir - look around, f - activate The golden flame engulfs you but does no damage.
You resist.
The golden flame engulfs the fire dragon!!!
The fire dragon is almost dead.
The golden flame engulfs the guardian serpent!!!
You kill the guardian serpent!
The golden flame engulfs the spark wasp!!
The spark wasp is severely wounded.
The golden flame engulfs the fire dragon!!!
The fire dragon is almost dead.
You block the spark wasp's attack. You block the fire dragon's attack. x3
The spark wasp stings you!
* * * LOW HITPOINT WARNING * * *
The spark wasp shocks you. You resist.
* * * LOW HITPOINT WARNING * * *
Some weird stuff shatters into small pieces.
The fire dragon bites you but does no damage.
The fire dragon claws you but does no damage.
The fire dragon closely misses you. The fire dragon bites you!
* * * LOW HITPOINT WARNING * * *
You feel threatened and lose the ability to read scrolls!
The fire dragon claws you!
* * * LOW HITPOINT WARNING * * *
The fire dragon tramples you but does no damage.
The spark wasp stings you!!
You die...

#.......# ...
##.......###....
#......2........
................
..$.............
..####
................
......
................
......
.......DD$.§....
.....?
.......y@.......
......
.^.............#
..####
##....######..##
. #.... ..#
...... .# .....
. ..... ##..


You could see 2 fire dragons, a spark wasp (fast, strong) and a shadow demon.

Vanquished Creatures
  Cerebov (Pan)
  the Royal Jelly (Slime:5)
  Dissolution (Slime:3)
  Lom Lobon (Pan)
  4 dread liches
  4 ancient liches
  Mara (Elf:3)
  Bai Suzhen (Vaults:5)
  Vashnia (Snake:2)
  4 caustic shrikes
  Margery (Vaults:3)
  Nikola (Snake:3)
  4 golden dragons
  Norris (Vaults:3)
  7 Brimstone Fiends (Pan)
  11 pandemonium lords (Pan)
  3 doom hounds (Crypt:1)
  5 bone dragons
  A shard shrike zombie (Abyss:3)
  16 Tzitzimimeh (Pan)
  4 Ice Fiends (Pan)
  3 hellephants
  3 tentacled monstrosities
  Jorgrun (D:12)
  8 liches
  10 Hell Sentinels (Pan)
  2 deep elf blademasters (Elf:3)
  6 titans (Vaults:5)
  Asterion (Snake:2)
  Grunn (Crypt:1)
  26 Executioners (Pan)
  6 deep elf master archers
  4 ancient champions (Crypt:1)
  A quicksilver dragon (Depths:4)
  2 krakens
  The ghost of Raspi the Tortoise, an adept HOFi of Qazlal (Shoals:1)
  25 acid blobs
  Polyphemus (Shoals:4)
  7 sphinxes
  5 tentacled starspawn
  7 tengu reavers
  3 revenants
  Roxanne (D:14)
  6 storm dragons
  A daeva (Pan)
  8 azure jellies
  3 protean progenitors (Pan)
  4 nagarajas
  4 shadow dragons
  A fenstrider witch (Pan)
  A draconian monk (Depths:4)
  16 demonspawn warmongers (Pan)
  2 iron dragons
  5 fire giants
  10 rockslimes
  An imperial myrmidon (Desolation)
  Ilsuiw (Shoals:3)
  21 balrugs (Pan)
  10 frost giants
  21 vault wardens
  35 reapers (Pan)
  2 curse skulls (Pan)
  6 deep elf elementalists (Elf:3)
  8 deep elf sorcerers
  A draconian scorcher (Depths:4)
  6 formless jellyfish
  2 orc warlords
  27 cacodemons (Pan)
  20 very ugly things
  12 demonspawn corrupters (Pan)
  8 ghouls
  3 juggernaut skeletons (Pan)
  2 caustic shrike skeletons
  3 draconian annihilators (Pan)
  An ophan (Abyss:3)
  21 ironbound preservers
  3 ironbound thunderhulks (Vaults:1)
  Nessos (D:12)
  16 quicksilver oozes
  8 vampire knights
  16 stone giants
  10 deep elf demonologists
  7 spriggan defenders
  10 demonspawn blood saints (Pan)
  10 war gargoyles
  13 lorocyprocas (Pan)
  12 demonspawn black suns (Pan)
  A green draconian (Depths:4)
  9 deep elf death magi
  A minotaur (Gauntlet)
  11 dire elephants
  3 halazid warlocks (Desolation)
  5 white draconians (Depths:4)
  3 deep elf annihilators
  Azrael (Orc:2)
  9 spark wasps
  A yellow draconian (Depths:4)
  6 crystal guardians
  6 eidola
  12 merfolk impalers
  6 merfolk javelineers (Shoals:4)
  Snorg (Lair:5)
  16 ettins
  15 green deaths
  9 jiangshi
  9 fire dragons
  17 yaktaur captains
  An elf zombie (Crypt:3)
  Josephine (D:11)
  18 blizzard demons (Pan)
  8 deep elf high priests
  A spectral kraken (Shoals:1)
  Fannar (D:11)
  29 vault guards
  7 ragged hierophants (Desolation)
  An entropy weaver (Vaults:1)
  6 great orbs of eyes
  10 ice dragons
  7 hell beasts (Pan)
  7 hydras
  3 servants of whispers (Desolation)
  2 catoblepae
  A salamander tyrant (Snake:4)
  7 rakshasas
  A jorogumo (Pan)
  5 spriggan zombies
  4 merfolk avatars
  6 ironbound frosthearts
  An ogre mage (Vaults:5)
  2 spriggan skeletons (Crypt:3)
  5 two-headed ogres
  3 alligator snapping turtles
  5 spriggan air magi
  3 merfolk aquamancers (Shoals:4)
  10 peacekeepers
  2 satyrs
  7 boulder beetles
  7 death knights
  A sphinx skeleton (Depths:1)
  11 naga warriors
  6 deep troll shamans
  6 tengu warriors
  12 anacondas
  18 centaur warriors
  13 death yaks
  32 dancing weapons
  6 spriggan berserkers
  9 deep troll earth magi
  Urug (D:11)
  8 thrashing horrors
  3 orc high priests
  24 demonic crawlers
  5 hell hogs
  19 naga sharpshooters
  37 soul eaters (Pan)
  14 shock serpents
  4 vampire magi
  16 deep elf knights
  3 spectral emperor scorpions (Pan)
  2 titan skeletons
  72 sun demons (Pan)
  8 shadow wraiths (Pan)
  4 spriggans
  16 hell knights
  7 skysharks
  15 iron trolls
  3 salamander mystics
  30 sixfirhies
  3 hellephant skeletons (Pan)
  A fire crab (Lair:5)
  8 wretched stars
  26 skeletal warriors
  18 sea snakes
  6 spark wasp zombies (Depths:2)
  56 deep trolls
  An anaconda zombie (Crypt:3)
  26 shadow demons (Pan)
  A mana viper (shapeshifter) (Depths:4)
  A ghost moth zombie (Crypt:1)
  9 glowing orange brains
  11 flayed ghosts
  An orange crystal statue (D:12)
  12 mana vipers
  24 starcursed masses
  41 large abominations
  3 arcanists
  2 sea snakes (shapeshifter) (Vaults:5)
  A swamp dragon (Lair:5)
  16 deep elf archers
  A shadow dragon zombie (Vaults:5)
  A bunyip zombie (Crypt:3)
  6 sun moths (Pan)
  6 naga ritualists
  A bog body (IceCv)
  24 ironbound convokers
  19 lindwurms
  18 necromancers
  15 phantasmal warriors
  An obsidian statue (D:15)
  An alligator zombie (Crypt:1)
  A bunyip skeleton (Crypt:3)
  A harpy (shapeshifter) (Vaults:5)
  7 orc knights
  Pikel (D:7)
  2 iron dragon zombies (Crypt:3)
  26 ugly things
  30 deep elf pyromancers
  23 deep elf zephyrmancers
  9 cyclopes
  19 harpies
  3 orc sorcerers
  An alligator skeleton (Crypt:1)
  A human zombie (Crypt:3)
  2 fauns
  An oklob plant (Lair:5)
  7 shining eyes
  Maurice (D:9)
  An iron dragon skeleton (Crypt:2)
  16 manticores
  A meliai (shapeshifter) (D:14)
  22 salamanders
  2 worldbinders
  4 kobold blastminers
  2 human skeletons
  A black mamba (shapeshifter) (D:13)
  4 elephants (Lair:1)
  A fire giant skeleton (Depths:1)
  6 meliai
  2 rust devils
  65 smoke demons
  2 eyes of devastation
  2 ice statues (IceCv)
  5 merfolk sirens
  15 naga magi
  A molten gargoyle (Desolation)
  17 guardian serpents
  A grey draconian zombie (Crypt:1)
  8 water nymphs
  33 black mambas
  A titan simulacrum (Crypt:1)
  A torpor snail (Lair:5)
  7 cane toads
  3 spectral sea snakes (Shoals:1)
  24 vault sentinels
  26 orange demons (Pan)
  A dire elephant skeleton (Crypt:2)
  3 kobold demonologists
  A storm dragon simulacrum (Vaults:5)
  3 unseen horrors
  2 gargoyles (D:14)
  4 komodo dragons
  4 rime drakes (Lair:5)
  4 tengu conjurers
  9 efreet (Pan)
  8 hellions
  7 freezing wraiths
  23 tormentors (Pan)
  2 anaconda simulacra (IceCv)
  60 yaktaurs
  11 ice devils
  2 elf skeletons
  6 ancient zymes
  26 merfolk
  2 harpy zombies
  A hydra zombie (Crypt:2)
  5 red devils (Pan)
  4 hornets
  A yaktaur skeleton (Vaults:1)
  A queen bee (shapeshifter) (Elf:1)
  6 trolls
  A queen bee (Gauntlet)
  32 hellwings (Pan)
  48 saltlings (Desolation)
  4 polar bears
  27 blink frogs
  2 harpy skeletons
  Prince Ribbit (D:8)
  4 wind drakes
  3 glass eyes
  A raiju (Abyss:3)
  12 snapping turtles
  A boulder beetle zombie (Crypt:1)
  A stone giant simulacrum (Vaults:5)
  4 dream sheep
  A blink frog (shapeshifter) (Elf:1)
  A centaur simulacrum (D:15)
  2 culicivoras
  Sigmund (D:3)
  An air elemental (Elf:1)
  2 shadows
  10 water elementals
  37 ynoxinuls
  147 slime creatures
  15 wraiths
  2 dire elephant simulacra (IceCv)
  2 ettin skeletons
  2 vampires
  6 wyverns
  17 golden eyes
  A wyvern (shapeshifter) (D:14)
  57 yaks
  9 fire elementals
  Eustachio (D:5)
  3 wargs
  3 basilisks
  5 steam dragons
  6 redbacks
  16 neqoxecs (Pan)
  4 vampire mosquitoes
  56 chaos spawn
  3 harpy simulacra
  44 nagas
  3 hell hounds (Orc:2)
  3 acid dragons
  24 water moccasins
  A water moccasin (shapeshifter) (Elf:1)
  2 spectral snapping turtles (Shoals:1)
  4 hydra simulacra (IceCv)
  A deep troll skeleton (Crypt:2)
  2 swamp drakes (Lair:5)
  A naga skeleton (Abyss:3)
  47 laughing skulls
  46 orc warriors
  2 ice beasts (D:6)
  2 sky beasts
  A black bear (D:4)
  Pargi (Sewer)
  7 ogres
  3 boggarts (Vaults:1)
  A wolf (shapeshifter) (D:12)
  A hog zombie (Crypt:2)
  18 centaurs
  3 lemures (D:7)
  A phantom (D:3)
  3 weeping skulls
  2 brain worms
  4 kobold brigands
  14 bullfrogs
  3 necrophages
  3 earth elementals
  An ogre simulacrum (Vaults:5)
  2 cane toad simulacra (IceCv)
  7 small abominations
  6 scorpions
  6 wights
  A troll zombie (Crypt:2)
  A yak zombie (Crypt:1)
  2 human simulacra (Vaults:5)
  3 killer bees (Gauntlet)
  A shapeshifter skeleton (Crypt:1)
  A raiju skeleton (Crypt:1)
  A wolf zombie (Crypt:2)
  An electric eel (Lair:3)
  14 howler monkeys
  2 quasits
  3 hounds (D:5)
  17 orc priests
  Crazy Yiuf (D:5)
  A bombardier beetle (D:7)
  2 gnoll boudas (D:8)
  12 jellies
  An iron imp (Abyss:2)
  Ijyb (D:5)
  6 iguanas
  24 orc wizards
  Natasha (thrice) (D:2)
  A hell rat (Lair:5)
  2 wolf simulacra (IceCv)
  A crocodile zombie (Crypt:2)
  18 gnolls
  A naga simulacrum (IceCv)
  12 adders
  3 shadow imps (D:6)
  A steam dragon skeleton (Crypt:2)
  5 white imps
  3 ufetubi
  4 ribbon worms
  A dart slug (D:3)
  A ribbon worm (shapeshifter) (D:15)
  52 orcs
  9 ball pythons
  2 bats
  11 endoplasms
  6 giant cockroaches
  6 hobgoblins
  9 quokkas
  3 frilled lizards (Sewer)
  7 goblins
  A goblin zombie (Crypt:1)
  16 kobolds
  5 rats
  A river rat skeleton (Crypt:2)
  2 ball lightnings (Pan)
  5 fire vortices (Pan)
  2 starspawn tentacles (Abyss:2)
  5 tentacles
3369 creatures vanquished.

Vanquished Creatures (collateral kills)
  Gloorx Vloq (Pan)
  Frederick (Crypt:3)
  A spriggan defender (Depths:2)
  A vampire knight (Depths:2)
  A caustic shrike skeleton (Pan)
  A stone giant (Depths:2)
  3 spark wasps (Depths:2)
  An ettin (Depths:2)
  A dancing weapon (Crypt:3)
  A spriggan berserker (Depths:2)
  2 vampire magi (Depths:2)
  3 hell hogs (Depths:2)
  A deep troll earth mage (Depths:2)
  A naga sharpshooter (Snake:4)
  Sonja (Lair:5)
  A hell knight (Crypt:3)
  A skyshark (Lair:5)
  A flayed ghost (Depths:2)
  2 deep trolls (Depths:2)
  A torpor snail (shapeshifter) (Depths:3)
  A fire dragon zombie (Crypt:3)
  A fire vortex (Pan)
28 creatures vanquished.

Vanquished Creatures (others)
  2 pandemonium lords (Pan)
  A fire giant (Vaults:3)
  A reaper (Pan)
  An anaconda (Snake:4)
  A hell knight (Crypt:3)
  3 sun demons (Pan)
  A saltling (Desolation)
  A water elemental (Elf:3)
  A golden eye (Slime:5)
  2 chaos spawn (Pan)
  A warg (Orc:2)
  2 neqoxecs (Pan)
  An orc wizard (D:5)
  An orc (D:5)
  7 ball lightnings (Pan)
  A fire vortex (Pan)
  8 starspawn tentacles
  12 tentacles
47 creatures vanquished.

Grand Total: 3444 creatures vanquished

Notes
Turn   | Place    | Note
-------+----------+-------------------------------------------
     0 | D:1      | inmateoo the Minotaur Fighter began the quest for the Orb.
     0 | D:1      | Reached XP level 1. HP: 19/19 MP: 0/0
    80 | D:1      | Found Fadobbed's Weapon Shoppe.
   482 | D:1      | Reached XP level 2. HP: 27/27 MP: 1/1
   935 | D:2      | Noticed Natasha
   940 | D:2      | Killed Natasha
   941 | D:2      | Reached skill level 1 in Dodging
   941 | D:2      | Reached XP level 3. HP: 27/33 MP: 2/2
  1015 | D:2      | Noticed Natasha
  1030 | D:2      | Killed Natasha
  1031 | D:2      | Reached XP level 4. HP: 11/40 MP: 3/3
  1487 | D:2      | Noticed Natasha
  1495 | D:2      | Killed Natasha
  1854 | D:3      | Noticed a phantom
  1861 | D:3      | Killed a phantom
  1862 | D:3      | Reached XP level 5. HP: 36/47 MP: 4/4
  2246 | D:3      | Noticed Sigmund
  2262 | D:3      | Killed Sigmund
  2263 | D:3      | Reached skill level 5 in Axes
  2263 | D:3      | Reached XP level 6. HP: 38/55 MP: 5/5
  2287 | D:3      | Found a glowing drain.
  2307 | Sewer    | Entered a sewer
  2340 | Sewer    | Noticed Pargi
  2354 | Sewer    | Killed Pargi
  2355 | Sewer    | Reached skill level 5 in Fighting
  2355 | Sewer    | Reached skill level 5 in Armour
  2355 | Sewer    | Reached skill level 5 in Shields
  2421 | Sewer    | Reached XP level 7. HP: 55/61 MP: 4/6
  2922 | D:1      | Bought a +0 heavy war axe for 99 gold pieces
  3447 | D:4      | Reached XP level 8. HP: 70/70 MP: 7/7
  3748 | D:5      | Entered Level 5 of the Dungeon
  3763 | D:5      | Noticed Ijyb
  3771 | D:5      | Killed Ijyb
  4007 | D:5      | Found an iron altar of Okawaru.
  4022 | D:5      | Found Tebbup's Antique Armour Shop.
  4036 | D:5      | Found Pethrap's Jewellery Emporium.
  4081 | D:5      | Noticed Eustachio
  4086 | D:5      | Killed Eustachio
  4100 | D:5      | Found a staircase to the Ecumenical Temple.
  4141 | Temple   | Entered the Ecumenical Temple
  4183 | Temple   | Became a worshipper of the Shining One
  4294 | D:5      | Found Sykhloca's Weapon Emporium.
  4352 | D:5      | Found a runed translucent door.
  4353 | D:5      | Noticed Crazy Yiuf
  4567 | D:5      | Killed Crazy Yiuf
  4799 | D:6      | Reached XP level 9. HP: 75/78 MP: 8/8
  4800 | D:6      | Reached skill level 5 in Dodging
  4813 | D:6      | Found a transporter.
  4813 | D:6      | Noticed a kobold demonologist
  4895 | D:6      | Noticed a kobold demonologist
  5084 | D:6      | Found a transporter.
  5086 | D:6      | Reached * piety under the Shining One
  5329 | D:6      | Noticed a hellwing
  5443 | D:6      | Killed a kobold demonologist
  5459 | D:6      | Noticed a sun demon
  5461 | D:6      | Killed a kobold demonologist
  5515 | D:7      | Noticed Pikel
  5522 | D:7      | Killed Pikel
  5523 | D:7      | Reached skill level 10 in Axes
  5629 | D:7      | Found Kips's Hydra Hut.
  5634 | D:7      | Noticed an eight-headed hydra
  5742 | D:7      | Reached XP level 10. HP: 80/88 MP: 9/9
  6232 | D:8      | Reached ** piety under the Shining One
  6652 | D:8      | Found Suboec's Magic Scroll Shop.
  6852 | D:8      | Noticed Prince Ribbit
  6861 | D:8      | Killed Prince Ribbit
  7004 | D:8      | Found a hide-covered altar of Uskayaw.
  7005 | D:8      | Found a bloodstained altar of Trog.
  7006 | D:8      | Found a sparkling altar of Nemelex Xobeh.
  7007 | D:8      | Found a shimmering blue altar of Sif Muna.
  7076 | D:9      | Identified the +6 trident of the Shining Light {freeze,
                  | rPois rF- Dex+4}
  7143 | D:7      | Bought a +2 broad axe of flaming for 230 gold pieces
  7326 | D:9      | Noticed a two-headed ogre
  7388 | D:8      | Killed a two-headed ogre
  7627 | D:9      | Noticed a centaur warrior
  7628 | D:9      | Noticed Maurice
  7646 | D:9      | Reached *** piety under the Shining One
  7744 | D:9      | Found a staircase to the Lair.
  7792 | D:9      | Noticed a death knight
  7826 | D:9      | Killed a centaur warrior
  7930 | D:9      | Reached XP level 11. HP: 97/97 MP: 10/10
  8217 | D:9      | Maurice stole a +0 broad axe
  8219 | D:9      | Maurice stole a ring of ice
  8221 | D:9      | Killed Maurice
  8409 | D:9      | Killed a death knight
  9182 | D:10     | Entered Level 10 of the Dungeon
  9733 | D:10     | Found a staircase to the Orcish Mines.
  9895 | D:10     | Noticed a two-headed ogre
  9901 | D:10     | Killed a two-headed ogre
 10148 | D:10     | Reached skill level 10 in Fighting
 10150 | D:10     | Found a transporter.
 10156 | D:10     | Noticed a boulder beetle
 10164 | D:10     | Killed a boulder beetle
 10165 | D:10     | Reached skill level 10 in Armour
 10265 | D:10     | Noticed a two-headed ogre
 10271 | D:10     | Killed a two-headed ogre
 10334 | D:10     | Noticed a two-headed ogre
 10340 | D:10     | Killed a two-headed ogre
 10499 | D:10     | Found Sixturoff's Antique Weapon Emporium.
 10673 | D:11     | Noticed a skeletal warrior
 10673 | D:11     | Noticed a skeletal warrior
 10673 | D:11     | Noticed a skeletal warrior
 10705 | D:11     | Reached skill level 10 in Shields
 10775 | D:11     | Noticed Josephine
 10779 | D:11     | Killed Josephine
 10782 | D:11     | Reached **** piety under the Shining One
 10783 | D:11     | Reached XP level 12. HP: 97/107 MP: 11/11
 10929 | D:5      | Bought a translucent chain mail for 285 gold pieces
 10929 | D:5      | Identified the +6 chain mail of Insurance {Str+3} (You
                  | bought it in a shop on level 5 of the Dungeon)
 11030 | Lair:1   | Entered Level 1 of the Lair of Beasts
 11048 | Lair:1   | Identified a scroll of acquirement
 11048 | Lair:1   | Acquired 755 gold pieces
 11115 | Lair:1   | Found a frozen archway.
 11131 | IceCv    | Entered an ice cave
 11551 | IceCv    | Reached ***** piety under the Shining One
 11813 | IceCv    | Identified the +0 ring mail of Hiess {-Tele rPois Str+5
                  | Dex-4}
 12335 | Lair:1   | Reached skill level 15 in Axes
 12717 | Lair:2   | Noticed a death yak
 12717 | Lair:2   | Noticed a death yak
 12718 | Lair:2   | Noticed a death yak
 12766 | Lair:1   | Killed a death yak
 12769 | Lair:1   | Killed a death yak
 12772 | Lair:1   | HP: 4/110 [death yak (10)]
 12774 | Lair:1   | Killed a death yak
 13031 | Lair:2   | Found a dark tunnel.
 13036 | Volcano  | Entered a volcano
 13203 | Volcano  | Found a bloodstained altar of Trog.
 13210 | Volcano  | Reached XP level 13. HP: 117/117 MP: 12/12
 13535 | Lair:2   | Found a staircase to the Snake Pit.
 13543 | Lair:2   | Reached skill level 10 in Dodging
 14231 | Lair:3   | Acquired the ring "Fozojo" {Wiz rF++}
 14287 | Lair:3   | Reached skill level 1 in Invocations
 14337 | Lair:3   | Found a staircase to the Shoals.
 15414 | Lair:4   | Found a staircase to the Slime Pits.
 15416 | Lair:4   | Found a viscous altar of Jiyva.
 15889 | Lair:5   | Entered Level 5 of the Lair of Beasts
 15892 | Lair:5   | Reached ****** piety under the Shining One
 16131 | Lair:5   | Reached XP level 14. HP: 95/127 MP: 13/15
 16596 | Lair:5   | Noticed Sonja
 16604 | Lair:5   | Killed Sonja
 16614 | Lair:5   | Identified the +7 quarterstaff of Qotuso Jurph {heavy,
                  | rElec rPois}
 16648 | Lair:5   | Found a sacrificial altar of Ru.
 16663 | Lair:5   | Noticed Snorg
 16674 | Lair:5   | Killed Snorg
 17996 | D:11     | Noticed Fannar
 18001 | D:11     | Killed Fannar
 18544 | D:11     | Noticed Urug
 18551 | D:11     | Killed Urug
 18774 | D:11     | Identified the +3 ring mail of Undesirable Species {Int+4}
 19273 | D:12     | Noticed Nessos
 19290 | D:12     | Killed Nessos
 19578 | D:12     | Noticed Jorgrun
 19588 | D:12     | Killed Jorgrun
 19589 | D:12     | Reached skill level 5 in Invocations
 20015 | D:12     | Reached XP level 15. HP: 137/137 MP: 17/17
 20605 | D:13     | Identified the +7 trident "Killer Klown's Death" {venom,
                  | ^Drain rPois rN+}
 20978 | D:13     | Found Natefas's Jewellery Boutique.
 20993 | D:13     | Bought the amulet of the Air {Inacc Air Fly rElec RMsl} for
                  | 564 gold pieces
 20993 | D:13     | Found the amulet of the Air {Inacc Air Fly rElec RMsl}
 21031 | D:13     | Found Mestyux's General Store.
 21159 | D:13     | Found the +8 frozen axe "Frostbite" {freeze, freezing
                  | cloud, *Noise Fly rC+}
 21161 | D:13     | Found Mokhlar's Book Emporium.
 21979 | D:14     | Noticed Roxanne
 22037 | D:14     | Found a gate to the Vaults.
 23011 | D:15     | Entered Level 15 of the Dungeon
 23196 | D:15     | Found a gate leading to a gauntlet.
 23200 | Gauntlet | Entered a Gauntlet
 23200 | Gauntlet | Found a runed translucent door.
 23200 | Gauntlet | Found a transporter.
 23200 | Gauntlet | Found a runed translucent door.
 23200 | Gauntlet | Found a runed translucent door.
 23200 | Gauntlet | Found a transporter.
 23201 | Gauntlet | Found a runed translucent door.
 23213 | Gauntlet | Found a transporter.
 23231 | Gauntlet | Found a transporter.
 23231 | Gauntlet | Found a transporter.
 23234 | Gauntlet | Found a transporter.
 23234 | Gauntlet | Found a transporter.
 23235 | Gauntlet | Found a transporter.
 23246 | Gauntlet | Found a transporter.
 23264 | Gauntlet | Found a transporter.
 23274 | Gauntlet | Found a transporter.
 23291 | Gauntlet | Found a transporter.
 23309 | Gauntlet | Found a transporter.
 23323 | Gauntlet | Found a transporter.
 23376 | Gauntlet | Identified the ring of Susasok {*Corrode rPois Str+3 SInv
                  | Stlth+}
 23404 | Gauntlet | Got the Precepts of the Stork
 23417 | Gauntlet | Identified the ring of Wonusko {Fly rF+ Int+2}
 23420 | Gauntlet | Identified the +0 pair of gloves "Lonit" {rF+ Str+4}
 23473 | Gauntlet | Identified the +7 gold dragon scales "Doopt" {rPois rF+ rC+
                  | Int+5}
 23473 | Gauntlet | Identified the ring "Jops" {rF+ rN+ rCorr}
 23959 | D:15     | Found a staircase to the Depths.
 24550 | D:15     | Acquired 885 gold pieces
 24662 | D:8      | Bought a scroll of enchant weapon for 112 gold pieces
 24662 | D:8      | Bought a scroll of fear for 60 gold pieces
 24662 | D:8      | Bought a scroll of enchant armour for 112 gold pieces
 24662 | D:8      | Bought a scroll of fog for 60 gold pieces
 24662 | D:8      | Bought a scroll of fog for 60 gold pieces
 24662 | D:8      | Bought a scroll of identify for 30 gold pieces
 24662 | D:8      | Bought a scroll of blinking for 112 gold pieces
 24662 | D:8      | Bought a scroll of fear for 60 gold pieces
 24662 | D:8      | Bought a scroll of teleportation for 45 gold pieces
 24723 | D:5      | Bought a steaming cloak for 285 gold pieces
 24723 | D:5      | Identified the +1 cloak "Otunyxass" {rElec Dex+2} (You
                  | bought it in a shop on level 5 of the Dungeon)
 24828 | Orc:1    | Entered Level 1 of the Orcish Mines
 24903 | Orc:2    | Entered Level 2 of the Orcish Mines
 24920 | Orc:2    | Found Voystringe's Antique Armour Boutique.
 25040 | Orc:1    | Reached XP level 16. HP: 104/147 MP: 20/20
 25568 | Orc:2    | Found a staircase to the Elven Halls.
 25709 | Orc:2    | Noticed Azrael
 25717 | Orc:2    | Killed Azrael
 25863 | Orc:2    | Reached skill level 1 in Evocations
 26017 | Orc:2    | Found Cidapniy's Antique Weapon Shop.
 26017 | Orc:2    | Found Woboqan's Weapon Emporium.
 26017 | Orc:2    | Found Haomak's Antique Weapon Shoppe.
 26021 | Orc:2    | Found Suanom's Weapon Boutique.
 26231 | Shoals:1 | Entered Level 1 of the Shoals
 26630 | Shoals:1 | Noticed Raspi's ghost (adept HOFi)
 26634 | Shoals:1 | Identified the ring of Equivalence {MP+9 Dex+7}
 26639 | Shoals:1 | Found a transporter.
 26642 | Shoals:1 | Found a transporter.
 26966 | Shoals:2 | Reached skill level 15 in Fighting
 26978 | Shoals:2 | Identified the +0 chain mail of the Onion {rC+ Stlth+}
 27010 | Shoals:2 | Reached skill level 15 in Armour
 28924 | Shoals:3 | Noticed Ilsuiw
 28934 | Shoals:3 | Killed Ilsuiw
 29719 | Shoals:3 | Noticed a kraken
 29725 | Shoals:3 | Killed a kraken
 29842 | Shoals:4 | Entered Level 4 of the Shoals
 29848 | Shoals:4 | Noticed Polyphemus
 30182 | Shoals:3 | Reached XP level 17. HP: 123/156 MP: 22/22
 30419 | Shoals:4 | Killed Polyphemus
 30936 | Shoals:4 | Noticed a kraken
 30943 | Shoals:4 | Killed a kraken
 30988 | Shoals:4 | Reached skill level 15 in Shields
 31050 | Shoals:4 | Got a barnacled rune of Zot
 31052 | Shoals:4 | Got an azure gem with 0 turns to spare
 31294 | Shoals:4 | Got Ymeyhor's Commentary on Flashy Transmogrification
 31434 | Shoals:4 | Identified the +4 robe of Autotheism {rElec Str+2}
 32744 | Snake:1  | Entered Level 1 of the Snake Pit
 33122 | Snake:1  | Reached skill level 10 in Invocations
 33798 | Snake:1  | Found a burning altar of Makhleb.
 33819 | Snake:1  | Got the Information on Scree
 34953 | Snake:2  | Noticed Asterion
 34962 | Snake:2  | Killed Asterion
 35136 | Snake:2  | Noticed Vashnia
 35152 | Snake:2  | Reached XP level 18. HP: 105/166 MP: 24/24
 35176 | Snake:2  | Killed Vashnia
 35177 | Snake:2  | Reached skill level 5 in Evocations
 36611 | Snake:3  | Noticed Nikola
 36624 | Snake:3  | Killed Nikola
 37877 | Snake:4  | Entered Level 4 of the Snake Pit
 39176 | Snake:4  | Got a serpentine rune of Zot
 39330 | Snake:4  | Found Hoifuven's Jewellery Shoppe.
 39330 | Snake:4  | Found Jadaha's Book Shop.
 39331 | Snake:4  | Found Amyar's Jewellery Shoppe.
 39349 | Snake:4  | Bought an amulet of regeneration for 450 gold pieces
 39673 | Vaults:1 | Entered Level 1 of the Vaults
 39983 | Vaults:1 | Identified the +5 plate armour of Kilibav {Rampage}
 40374 | Vaults:1 | Reached XP level 19. HP: 156/174 MP: 27/27
 41208 | Vaults:1 | Found Vaep's Distillery.
 41216 | Vaults:1 | Bought a potion of heal wounds for 60 gold pieces
 41216 | Vaults:1 | Bought a potion of mutation for 96 gold pieces
 41216 | Vaults:1 | Bought a potion of curing for 36 gold pieces
 41216 | Vaults:1 | Bought a potion of curing for 36 gold pieces
 41296 | Vaults:1 | Got the Volume of Confrontation
 41314 | Vaults:1 | Reached skill level 15 in Dodging
 42333 | Vaults:2 | Found Vudomaazo's General Store.
 42347 | Vaults:2 | Bought a potion of heal wounds for 105 gold pieces
 43455 | Vaults:2 | Found a staircase to the Crypt.
 43897 | Vaults:3 | Reached XP level 20. HP: 169/184 MP: 28/28
 44250 | Vaults:3 | Noticed Norris
 44261 | Vaults:3 | Killed Norris
 44780 | Vaults:3 | Noticed Margery
 44814 | Vaults:3 | Killed Margery
 45948 | Vaults:4 | Found a crumbling gateway.
 45998 | Desolati | Entered the Desolation of Salt
 46513 | Desolati | Identified the amulet of Ru's Anger {Acrobat Rampage rF+}
 46731 | Desolati | Identified the +10 spear of the Vendetta {holy, rF+ rCorr
                  | Stlth+}
 46736 | Desolati | Found the +5 moon troll leather armour {Spirit, Regen++
                  | MP+5}
 46798 | Desolati | Identified the +3 shortbow of the Impish God {drain, Int+5}
 46811 | Desolati | Identified the +1 chain mail "Fainequr" {rElec}
 46891 | Desolati | Reached XP level 21. HP: 156/194 MP: 30/30
 46968 | Desolati | Identified the +4 scale mail of the Wonderful God {Dex+3}
 46978 | Desolati | Identified the amulet "Cerogett" {Acrobat rN+ Will+ Int-2
                  | SInv}
 47501 | Vaults:4 | Found Bidomuc's Jewellery Boutique.
 48664 | Crypt:1  | Entered Level 1 of the Crypt
 48695 | Crypt:1  | Reached skill level 15 in Invocations
 48809 | Crypt:1  | Found a transporter.
 48821 | Crypt:1  | Noticed an ancient lich
 48875 | Crypt:1  | Identified a +7 broad axe of holy wrath (a +5 broad axe of
                  | flaming blessed by the Shining One)
 48875 | Crypt:1  | Received a gift from the Shining One
 48889 | Crypt:1  | Noticed Grunn
 48896 | Crypt:1  | Killed Grunn
 49203 | Crypt:1  | Found a shimmering blue altar of Sif Muna.
 49279 | Crypt:1  | Killed an ancient lich
 49326 | Crypt:1  | Identified the +0 robe of Teem {rN+ rCorr Str+2 Dex-2}
 49352 | Crypt:1  | Found a transporter.
 50329 | Crypt:3  | Entered Level 3 of the Crypt
 50671 | Crypt:3  | Reached XP level 22. HP: 206/206 MP: 32/32
 51025 | Crypt:3  | Noticed an ancient lich
 51025 | Crypt:3  | Identified the orb "Leruacikk" {light, rElec}
 51025 | Crypt:3  | Noticed Frederick
 51042 | Crypt:3  | Killed an ancient lich
 51044 | Crypt:3  | Killed Frederick
 51387 | Crypt:3  | Found a basalt altar of Yredelemnul.
 51421 | Crypt:3  | Found the +9 sword of Zonguldrok {reap}
 51678 | Crypt:3  | Found a staircase to the Tomb.
 51991 | Depths:1 | Entered Level 1 of the Depths
 52147 | Depths:1 | Found a gateway to Hell.
 52180 | Depths:1 | Identified the amulet "Qihe" {rPois rC+ Regen+ Str+3}
 52211 | Depths:1 | Found a one-way gate leading to the halls of Pandemonium.
 52229 | Depths:1 | Found a broken altar of Ashenzari.
 52864 | Depths:2 | Reached skill level 10 in Evocations
 52970 | Depths:2 | Noticed a dread lich
 52981 | Depths:2 | Killed a dread lich
 53100 | Depths:2 | Identified the +0 ring mail "Uhipp" {Will++}
 53315 | Depths:2 | Reached XP level 23. HP: 107/218 MP: 34/34
 53676 | Depths:2 | Found a one-way gate to the infinite horrors of the Abyss.
 53930 | Depths:2 | Reached skill level 27 in Axes
 54405 | Depths:3 | Identified the +5 quarterstaff of Sudden Death {drain,
                  | Int+4}
 54417 | Depths:3 | Found a bloodstained altar of Trog.
 54502 | Depths:3 | You are sucked into a shaft and drop 1 floor!
 54502 | Depths:4 | Entered Level 4 of the Depths
 55195 | Depths:3 | Found a one-way gateway to a ziggurat.
 55285 | Depths:3 | Noticed a caustic shrike
 55289 | Depths:3 | Killed a caustic shrike
 55671 | Depths:3 | Found a shimmering blue altar of Sif Muna.
 56172 | Depths:4 | Noticed a caustic shrike
 56173 | Depths:4 | Noticed a caustic shrike
 56173 | Depths:4 | Noticed a caustic shrike
 56184 | Depths:4 | Killed a caustic shrike
 56187 | Depths:4 | Killed a caustic shrike
 56192 | Depths:4 | Killed a caustic shrike
 56557 | Depths:4 | Found a gate to the Realm of Zot.
 56559 | Depths:4 | Reached XP level 24. HP: 230/235 MP: 35/35
 57240 | Elf:1    | Entered Level 1 of the Elven Halls
 57572 | Elf:1    | Found an ancient bone altar of Kikubaaqudgha.
 58276 | Elf:2    | Found a huge runed translucent gate.
 58277 | Elf:2    | Found a huge runed translucent gate.
 58279 | Elf:2    | Found a huge runed translucent gate.
 58280 | Elf:2    | Found a huge runed translucent gate.
 58281 | Elf:2    | Found a huge runed translucent gate.
 58525 | Elf:2    | Found a portal to a secret trove of treasure.
 58706 | Elf:2    | Found Wagh's Distillery.
 58718 | Elf:2    | Bought a potion of curing for 48 gold pieces
 58718 | Elf:2    | Bought a potion of heal wounds for 80 gold pieces
 58718 | Elf:2    | Bought 2 potions of curing for 96 gold pieces
 58718 | Elf:2    | Bought a potion of resistance for 160 gold pieces
 59685 | Elf:2    | You paid a toll of a +7 demon trident to enter a treasure
                  | trove
 59686 | Trove    | Entered a treasure trove
 59688 | Trove    | Found the +2 pair of slick slippers {slick, slippery, EV+4}
 59688 | Trove    | Found the +2 cloak of the Thief {*Fog Slay-2 SInv Stlth+}
 59695 | Trove    | Identified the +0 tower shield of Fanaticism {Slay+2}
 59698 | Trove    | Identified the +8 chain mail of Resonance {Str+2}
 59700 | Trove    | Identified the +0 kite shield of the Old and Reckless {+Inv
                  | rN+ Will-}
 59709 | Trove    | Identified the -2 pair of gloves of the Earth {rF+ Int+6}
 59767 | Elf:3    | Entered Level 3 of the Elven Halls
 60171 | Elf:3    | Identified the +2 chain mail of Privacy {Fly Int+4}
 60190 | Elf:3    | Identified the +0 scale mail "Utiezxos" {rElec Int+2 Dex-4}
 60238 | Elf:3    | Identified the ring "Toyjuy" {rPois SInv}
 60242 | Elf:3    | Identified the +3 pair of gloves of Ikayrphep {SInv}
 60248 | Elf:3    | Acquired a manual of Evocations
 60251 | Elf:3    | Identified the +0 robe of the Centipede {rPois rCorr Str+6
                  | Int-5}
 60258 | Elf:3    | Identified the +6 quarterstaff "Woraagrini" {freeze, Int+4
                  | Dex+4}
 60390 | Elf:3    | Noticed Mara
 60392 | Elf:3    | Noticed inmateoo's illusion
 60409 | Elf:3    | Killed Mara
 60908 | Slime:1  | Entered Level 1 of the Pits of Slime
 60914 | Slime:1  | You fall into a shaft and drop 1 floor!
 60940 | Slime:1  | Gained mutation: Your spells are a little easier to cast,
                  | but a little less powerful. [a shining eye]
 60942 | Slime:1  | Gained mutation: You possess an exceptional clarity of
                  | mind. [a shining eye]
 61521 | Slime:2  | Reached XP level 25. HP: 208/247 MP: 36/36
 61871 | Slime:2  | Paralysed by a formless jellyfish for 1 turns
 62615 | Slime:3  | Noticed Dissolution
 62631 | Slime:3  | Killed Dissolution
 63127 | Slime:5  | Entered Level 5 of the Pits of Slime
 63130 | Slime:5  | Found a viscous altar of Jiyva.
 63145 | Slime:5  | Gained mutation: Your magical capacity is low. (-10% MP) [a
                  | shining eye]
 63161 | Slime:5  | Gained mutation: You are occasionally teleported next to
                  | monsters. [a shining eye]
 63164 | Slime:5  | Gained mutation: Your health recovers twice as slowly from
                  | being drained. [a shining eye]
 63173 | Slime:5  | Lost mutation: Your health recovers twice as slowly from
                  | being drained. [potion of mutation]
 63173 | Slime:5  | Lost mutation: Your magical capacity is low. (-10% MP)
                  | [potion of mutation]
 63173 | Slime:5  | Gained mutation: Armour fits poorly on your strangely
                  | shaped body. [potion of mutation]
 63173 | Slime:5  | Gained mutation: Your mind is acute. (Int +4, Str/Dex -1)
                  | [potion of mutation]
 63174 | Slime:5  | Lost mutation: Armour fits poorly on your strangely shaped
                  | body. [potion of mutation]
 63174 | Slime:5  | Lost mutation: Your mind is acute. (Int +4, Str/Dex -1)
                  | [potion of mutation]
 63174 | Slime:5  | Lost mutation: You possess an exceptional clarity of mind.
                  | [potion of mutation]
 63174 | Slime:5  | Gained mutation: You are weak. (Str -2) [potion of
                  | mutation]
 63174 | Slime:5  | Gained mutation: You are frail. (-10% HP) [potion of
                  | mutation]
 63174 | Slime:5  | Gained mutation: You are strong-willed. (Will+) [potion of
                  | mutation]
 63175 | Slime:5  | Lost mutation: You are frail. (-10% HP) [potion of
                  | mutation]
 63175 | Slime:5  | Lost mutation: You are weak. (Str -2) [potion of mutation]
 63175 | Slime:5  | Lost mutation: You are strong-willed. (Will+) [potion of
                  | mutation]
 63175 | Slime:5  | Gained mutation: You have a pair of large horns on your
                  | head. [potion of mutation]
 63176 | Slime:5  | Lost mutation: You have a pair of large horns on your head.
                  | [potion of mutation]
 63176 | Slime:5  | Lost mutation: You are occasionally teleported next to
                  | monsters. [potion of mutation]
 63176 | Slime:5  | Lost mutation: Your spells are a little easier to cast, but
                  | a little less powerful. [potion of mutation]
 63255 | Slime:5  | Noticed the Royal Jelly
 63269 | Slime:5  | Killed the Royal Jelly
 63388 | Slime:5  | Gained mutation: Your spells are a little easier to cast,
                  | but a little less powerful. [a shining eye]
 63448 | Slime:5  | Acquired a manual of Unarmed Combat
 63487 | Slime:5  | Got a slimy rune of Zot
 63488 | Slime:5  | Identified the +1 scale mail of Wasted Space {rPois rN++
                  | Str-2 Dex+4}
 63497 | Slime:5  | Identified the +2 robe "Peorghaej" {Rampage rN+}
 63498 | Slime:5  | Identified the +6 falchion "Guhaddumy" {spect, *Noise
                  | ^Drain rPois Str+9 Dex+2}
 63527 | Slime:5  | Identified the +1 plate armour of the Wumpus {rElec rC+
                  | Int-5 Stlth+}
 63529 | Slime:5  | Identified the +11 short sword "Irghyrea" {freeze, *Noise
                  | rElec SInv}
 63559 | Slime:5  | Gained mutation: You occasionally lose the ability to drink
                  | potions when taking damage. [a shining eye]
 64204 | Vaults:4 | Lost mutation: You occasionally lose the ability to drink
                  | potions when taking damage. [potion of mutation]
 64204 | Vaults:4 | Lost mutation: Your spells are a little easier to cast, but
                  | a little less powerful. [potion of mutation]
 64204 | Vaults:4 | Gained mutation: You are resistant to electric shocks.
                  | (rElec) [potion of mutation]
 64204 | Vaults:4 | Gained mutation: Your flesh is heat resistant. (rF+)
                  | [potion of mutation]
 64204 | Vaults:4 | Gained mutation: Your natural rate of healing is unusually
                  | fast. [potion of mutation]
 64204 | Vaults:4 | Gained mutation: Your flesh is cold resistant. (rC+)
                  | [potion of mutation]
 64271 | Vaults:5 | Entered Level 5 of the Vaults
 64271 | Vaults:5 | Noticed Bai Suzhen
 64283 | Vaults:5 | Killed Bai Suzhen
 64312 | Vaults:5 | Noticed an ancient lich
 64329 | Vaults:5 | Killed an ancient lich
 64356 | Vaults:5 | Identified the +3 great mace "Ibbuan" {heavy, rF+ rCorr}
 64357 | Abyss:2  | Cast into level 2 of the Abyss (a deep elf sorcerer)
 64794 | Abyss:2  | Reached XP level 26. HP: 210/258 MP: 30/37
 64830 | Abyss:2  | Found a corrupted altar of Lugonu.
 64923 | Abyss:3  | Found a corrupted altar of Lugonu.
 65125 | Vaults:5 | Escaped the Abyss
 65166 | Vaults:5 | Identified the +6 great mace of Fate {venom, rC+}
 65297 | Vaults:5 | Got a silver rune of Zot
 65321 | Vaults:5 | Identified the ring of Fonloqym {rPois rF+++ Will+ Str-5
                  | Int+4}
 65395 | Vaults:5 | Noticed an ancient lich
 65405 | Vaults:5 | Killed an ancient lich
 65406 | Vaults:5 | Reached skill level 15 in Evocations
 65444 | Vaults:5 | Noticed a dread lich
 65451 | Vaults:5 | Killed a dread lich
 65627 | Vaults:5 | Identified the staff of Quantum Leap {rPois rC+ Str+2 Ice}
 65659 | Vaults:5 | Noticed a dread lich
 65665 | Vaults:5 | Killed a dread lich
 65968 | Vaults:5 | Got Xemnov's Codex of Weird Frostbite
 65990 | Vaults:5 | Identified the +1 pair of gloves of Tender Moments {Regen+
                  | rCorr Stlth-}
 66036 | Vaults:5 | Identified the +1 chain mail of Mutualism {Dex+2}
 66060 | Vaults:5 | Got the Guidebook on the Discharge and Stones
 66165 | Vaults:5 | Noticed a dread lich
 66172 | Vaults:5 | Killed a dread lich
 66844 | D:14     | Killed Roxanne
 67395 | Shoals:1 | Killed Raspi's ghost
 67727 | Pan      | Entered Pandemonium
 67765 | Pan      | Noticed Zagum Erch the pandemonium lord
 67776 | Pan      | Killed Zagum Erch the pandemonium lord
 67783 | Pan      | Gained mutation: Your health recovers twice as slowly from
                  | being drained. [a neqoxec]
 67784 | Pan      | Gained mutation: You are clumsy. (Dex -2) [a neqoxec]
 67788 | Pan      | Gained mutation: Armour fits poorly on your strangely
                  | shaped body. [a neqoxec]
 68482 | Pan      | Noticed Ochir the pandemonium lord
 68490 | Pan      | Killed Ochir the pandemonium lord
 68510 | Pan      | Reached XP level 27. HP: 244/268 MP: 37/37
 68880 | Pan      | Got the Textbook on Sinister Clay
 69380 | Pan      | Noticed Niunij the pandemonium lord
 69389 | Pan      | Killed Niunij the pandemonium lord
 70535 | Pan      | Noticed Zyihosof the pandemonium lord
 70569 | Pan      | Paralysed by Zyihosof for 5 turns
 70578 | Pan      | Killed Zyihosof the pandemonium lord
 71455 | Pan      | Noticed Eqio the pandemonium lord
 71461 | Pan      | Killed Eqio the pandemonium lord
 72521 | Pan      | Found an exit through the horrors of the Abyss.
 72778 | Pan      | Noticed Oblebb the pandemonium lord
 72788 | Pan      | Killed Oblebb the pandemonium lord
 73213 | Pan      | Noticed Kuikhex the pandemonium lord
 73221 | Pan      | Killed Kuikhex the pandemonium lord
 73434 | Pan      | Lost mutation: Your natural rate of healing is unusually
                  | fast. [a cacodemon]
 73492 | Pan      | Noticed Tahennie the pandemonium lord
 73499 | Pan      | Killed Tahennie the pandemonium lord
 73515 | Pan      | Gained mutation: You occasionally lose the ability to drink
                  | potions when taking damage. [a cacodemon]
 73628 | Pan      | Found an exit through the horrors of the Abyss.
 73965 | Pan      | Entered the realm of Lom Lobon.
 75027 | Pan      | Noticed Lom Lobon
 75052 | Pan      | Killed Lom Lobon
 75053 | Pan      | Reached skill level 1 in Spellcasting
 75058 | Pan      | Got a magical rune of Zot
 75275 | Pan      | Noticed Kosub the pandemonium lord
 75287 | Pan      | Gained mutation: You are very clumsy. (Dex -4) [a
                  | cacodemon]
 75293 | Pan      | Killed Kosub the pandemonium lord
 75786 | Pan      | Reached skill level 27 in Fighting
 75907 | Pan      | Noticed Niruf the pandemonium lord
 75912 | Pan      | Gained mutation: Your body sometimes deteriorates upon
                  | taking damage. [a shining eye]
 75920 | Pan      | Killed Niruf the pandemonium lord
 76272 | Pan      | Noticed Vawoumn the pandemonium lord
 76292 | Pan      | Killed Vawoumn the pandemonium lord
 77500 | Pan      | Noticed Zankau the pandemonium lord
 77512 | Pan      | Killed Zankau the pandemonium lord
 77531 | Pan      | Gained mutation: Potions are less effective at restoring
                  | your health. [a neqoxec]
 77598 | Pan      | Got a demonic rune of Zot
 77694 | Pan      | Found a transporter.
 78020 | Pan      | Found a transporter.
 78347 | Pan      | Gained mutation: You are weak. (Str -2) [a cacodemon]
 78440 | Pan      | Identified the ring of Debb {Will- Str+6 Int+2 Dex+2}
 78466 | Pan      | Identified the ring "Wameyraa" {rN+ SInv}
 78494 | Pan      | Entered the realm of Cerebov.
 78530 | Pan      | Found an exit through the horrors of the Abyss.
 78916 | Pan      | Gained mutation: Your spells are a little harder to cast,
                  | but a little more powerful. [mutagenic glow]
 78924 | Pan      | Gained mutation: Your magical capacity is low. (-10% MP)
                  | [mutagenic glow]
 79139 | Pan      | Identified the +8 short sword of the Fortune-Teller
                  | {freeze, Str+2}
 79218 | Pan      | Found the +6 sword of Cerebov {flame}
 79218 | Pan      | Noticed Cerebov
 79221 | Pan      | Identified the +7 hand axe of Famine {elec, rF+}
 79243 | Pan      | Killed Cerebov
 79329 | Pan      | Got a fiery rune of Zot
 79346 | Pan      | Identified the +1 cloak "Soptid" {Int+5 Dex+2}
 79361 | Pan      | Identified the +4 dagger of Malaise {speed, rPois Will++
                  | Str+3 Int+2}
 79378 | Pan      | Identified the staff of Ahiner {Dex+2 Ice Earth Alchemy}
 79598 | Pan      | Noticed Jurrawn the pandemonium lord
 79627 | Pan      | Gained mutation: You occasionally lose the ability to read
                  | scrolls when taking damage. [a cacodemon]
 79632 | Pan      | Lost mutation: Your spells are a little harder to cast, but
                  | a little more powerful. [a cacodemon]
 79677 | Pan      | Entered the realm of Gloorx Vloq.
 79964 | Pan      | Reached skill level 5 in Spellcasting
 79975 | Pan      | Noticed Gloorx Vloq
 79996 | Pan      | Got a dark rune of Zot
 80023 | Pan      | Killed Gloorx Vloq
 80160 | Pan      | Found an exit through the horrors of the Abyss.
 80606 | Pan      | Found an exit through the horrors of the Abyss.
 80950 | Pan      | Noticed Waischom the pandemonium lord
 80956 | Pan      | Killed Waischom the pandemonium lord
 81086 | Pan      | Lost mutation: Your magical capacity is low. (-10% MP) [a
                  | cacodemon]
 81316 | Pan      | Entered the realm of Mnoleg.
 81320 | Pan      | Gained mutation: You are occasionally teleported next to
                  | monsters. [a cacodemon]
 81345 | Pan      | Gained mutation: You are dopey. (Int -2) [a neqoxec]
 81382 | Pan      | Reached skill level 27 in Invocations
 81382 | Pan      | Gained mutation: You are very dopey. (Int -4) [a neqoxec]
 81474 | Pan      | HP: 11/273 [fire dragon[a protean progenitor] (12)]
 81474 | Pan      | HP: 2/273 [fire dragon[a protean progenitor] (9)]
 81474 | Pan      | Annihilated by a spark wasp

Illustrated notes

Levels and vault maps discovered:
D:1:      psy_arrival_fountain, layout_basic, serial_shops,
          nicolae_shop_bloodbath_and_beyond, minivault_4
D:2:      layout_basic, uniq_natasha
D:3:      layout_loops_ring, gup_sewer_entry_pipe, uniq_sigmund
D:4:      layout_basic, dk_vineyard_2, corexii_corridor_pit
D:5:      layout_cave_pools, okawaru_ov_weapons_minmay,
          minmay_temple_entry_sparse_star, serial_shops, shop,
          nicolae_shop_tiny_waterfront, nicolae_shop_window_shopping,
          nrook_campfire, uniq_crazy_yiuf_cottage, uniq_ijyb, uniq_eustachio
D:6:      gammafunk_wand_slinger, layout_loops_ring, minmay_liquid_box
D:7:      layout_loops_ring, doesnt_shop_hydraphobe, uniq_pikel
D:8:      layout_cave_pools, mainiacjoe_overflow_alcove_3, serial_shops, shop,
          minmay_misc_feat_iff, uniq_prince_ribbit1
D:9:      layout_layer_cave, due_lair_maze_entry_diamond,
          roderic_serpentine_path, minmay_mirror_moons_of_madness, uniq_maurice
D:10:     layout_gridville, erik_orc_4, serial_shops, nicolae_shop_crystal,
          nicolae_diode_basic
D:11:     layout_roguey, uniq_josephine, uniq_urug, uniq_fannar
D:12:     layout_irregular_city, minmay_statue_bubble, uniq_nessos, uniq_jorgrun
D:13:     layout_basic, serial_shops, nicolae_shop_stone, shop, shop
D:14:     minmay_slanted_spiral_squares, layout_cave_pods,
          skrybe_vaults_entry_preservation, nrook_uturn, uniq_roxanne
D:15:     hellmonk_depths_entry_around_the_bend, layout_loops_ring,
          gauntlet_entry_generic, dreamdust_wishing_well, minivault_16,
          minmay_misc_feat_square
Temple:   minmay_crystal_spiral_temple
Lair:1:   layout_loops_ring, serial_bayou, serial_bayou_lake_a,
          serial_bayou_pond_c, serial_bayou_shore_a, serial_bayou_pond_d,
          serial_bayou_pond_a, portal_ice_cave_demonic_guard,
          chequers_serial_rivers_large_b
Lair:2:   layout_hall_layers, guppyfry_snake_entry_island,
          nicolae_volcano_entry_s_turn, grunt_megastairs_5
Lair:3:   layout_hall_layers, elwin_shoals_entry_stream, beast_lair_carwin_4,
          lemuel_fruit_tree, infiniplex_staircase_pool
Lair:4:   layout_long_grid, slime_entry_1, columned_hall_lemuel
Lair:5:   guppyfry_lair_end_dragon, layout_cave_pods, hangedman_lair_in_review,
          basic_altar, infiniplex_staircase_pool_2, uniq_snorg, uniq_sonja
Shoals:1: layout_shoals, ebering_ghost_davey_jones, nicolae_shoals_so_close
Shoals:2: layout_shoals, nicolae_shoals_loop_pool
Shoals:3: layout_shoals, uniq_ilsuiw
Shoals:4: shoals_end_grunt_ice, layout_shoals, nicolae_shoals_gull_way,
          uniq_polyphemus
Snake:1:  layout_onion_interference, basic_altar
Snake:2:  nicolae_snake_attic_fulla_snakes, layout_grid_maze,
          nicolae_large_snake_swirl, uniq_asterion, uniq_vashnia
Snake:3:  layout_layer_cave, grunt_megastairs_2, uniq_nikola
Snake:4:  grunt_snake_rune_serpentine_throne, layout_onion, minmay_shop_grove
Slime:1:  layout_caves
Slime:2:  layout_caves, nicolae_slime_round_cave
Slime:3:  layout_caves, cheibrodos_slime_lost_civilization_5, uniq_dissolution
Slime:4:  nicolae_slime_jelly_donut, layout_caves
Slime:5:  slime_pit_nicolae_jellycorners
Orc:1:    layout_diamond_mine, elf_legates
Orc:2:    st_orc_rangers, layout_diamond_mine, serial_shops, shop, uniq_azrael
Elf:1:    eino_elf_arrival_the_gate, layout_loops_corners, basic_altar,
          evilmike_minifort, minmay_misc_feat_cross, nicolae_elf_martial_mastery
Elf:2:    elven_hall_of_blades_hangedman_alternative
          [nicolae_blade_entry_floor_patterns], layout_geoelf_octagon,
          nicolae_trove_entry_isolated, serial_shops,
          nicolae_shop_industrial_runoff
Elf:3:    minmay_elf_hall_circle, layout_geoelf_grid, uniq_mara
Vaults:1: hangedman_vaults_river_flow, nicolae_vaults_big_ls,
          nicolae_vaults_tetromino_T_2, hangedman_vaults_nodes,
          grunt_vaults_hallway_long, ontoclasm_vaults_tryst, v_rooms_3,
          ontoclasm_vaults_ring_square, v_misc_22,
          nicolae_vaults_little_squares_3, nicolae_vaults_alarming, v_misc_13,
          hangedman_vaults_stretched_pinwheel, layout_vaults_omnicross,
          serial_shops, nicolae_shop_tiny_statue_garden
Vaults:2: dpeg_vaults_monster_box, ontoclasm_vaults_claustrophobia,
          nicolae_vaults_house_3, grunt_vaults_hallway_long, v_alt_pattern_4,
          nicolae_vaults_diagonal_hallway_9,
          nicolae_vaults_trapezoid_lopsided_1, nicolae_vaults_hexular_roomagon,
          nicolae_vaults_apartment_2, vaults_room_pool,
          nicolae_vaults_circle_grid_b, nicolae_vaults_stepped_doors,
          nicolae_vaults_closet_pinwheel_3, hangedman_vaults_cutoff,
          nicolae_vaults_surprise_closet_hard, minmay_crypt_entry_simple_plaza,
          hangedman_vaults_slice, layout_vaults_omnibox, serial_shops, shop
Vaults:3: v_pattern_4, nicolae_vaults_apartment_1,
          nicolae_vaults_ninety_degrees, hangedman_vaults_snaps, st_hourglassy,
          nicolae_vaults_six-pack, nicolae_vaults_weapon_check,
          nicolae_vaults_triangles, vaults_room_door_ring,
          vaults_mumra_chevron_long, nicolae_vaults_shelves_hall, v_misc_25,
          vaults_dpeg_ring, layout_vaults_maze_bifur, uniq_norris, uniq_margery
Vaults:4: portal_desolation_entry_garden, v_misc_22,
          nicolae_vaults_stairing_the_circle, v_misc_26,
          nicolae_vaults_crenellated_ambush, vaults_room_fours, v_alt_pattern_2,
          ontoclasm_vaults_spin, nicolae_vaults_closet_pinwheel_1,
          nicolae_vaults_oval_intersection, nicolae_vaults_two_Ls,
          nicolae_vaults_gold_heap, layout_vaults_omnigrid, serial_shops,
          nicolae_square_shop
Vaults:5: uniq_bai_suzhen
Crypt:1:  gammafunk_sealed_library, layout_chaotic_city, uniq_grunn
Crypt:2:  layout_chaotic_city, serial_library_regret_index_branch_corner,
          nicolae_crypt_lounge_for_the_living
Crypt:3:  cryptofortress_bobbens, uniq_frederick
Depths:1: layout_basic, minmay_door_square, hell_entry, pan_entry,
          serial_sigils_hangedman_gut, drop_trap, cheibrodos_ashenzari_chains,
          serial_bayou_shore_b
Depths:2: bobbens_index_wilting_gardens, layout_basic, pan_entry,
          grunt_hell_horde, abyss_entry_glasseish,
          nicolae_concentric_dashed_squares_mild
Depths:3: evilmike_cross, layout_honeycomb, enter_ziggurat_a,
          hellmonk_sif_muna_bookshelves, hell_entry,
          abyss_entry_small_statue_room, rand_demon_pan_entry_8,
          trog_three_pillars_becter
Depths:4: grunt_zot_entry_gee_three, layout_small_grid, minmay_misc_feat_alley,
          hell_entry
Pan:      evilmike_mini_pan_doors, layout_grid_shapes, nicolae_pan_mnolegish_5,
          rand_demon_3, layout_basic, nicolae_pan_double_arrow, layout_chambers,
          pan_blood_fountain_small, grunt_pan_zigzag, layout_gridlike,
          grunt_pan_pentagram, layout_basic, pan_blood_fountain_small,
          nicolae_pan_mnolegish_1, evilmike_mini_pan_corner, layout_rooms,
          nicolae_pan_glass_arcs, layout_gridlike, grunt_pan_pentagram,
          layout_small_grid, lom_lobon, layout_small_grid, grunt_pan_pentagram,
          layout_pan_divisions_a [pan_division_quadrant_a5,
          pan_division_quadrant_a3, pan_division_quadrant_a4,
          pan_division_quadrant_a2, pan_division_octagon_divided],
          pan_blood_fountain_2, pan_blood_fountain_small,
          evilmike_mini_pan_branches, layout_irregular_city,
          evilmike_mini_pan_V, layout_basic, nicolae_pan_cerebovesque_1,
          evilmike_mini_pan_doors, layout_irregular_city,
          nicolae_pan_double_arrow, layout_onion_city, pan_blood_fountain_2,
          gammafunk_dig_for_victory, layout_rooms, cerebov_grunt_fire_and_steel,
          layout_pan_divisions_b [pan_division_quadrant_b1,
          pan_division_quadrant_b4, pan_division_quadrant_b2,
          pan_division_quadrant_b2], pan_blood_fountain_2,
          nicolae_pan_glass_arcs, layout_gridville, rand_demon_1,
          layout_stronghold, pan_blood_fountain_small, evilmike_gloorx_vloq_box,
          layout_long_grid, pan_blood_fountain_small, grunt_pan_spiral,
          layout_basic, pan_blood_fountain_small, evilmike_mini_pan_3x3,
          layout_stronghold, evilmike_mini_pan_layers, layout_small_grid,
          mnoleg, layout_gridlike

Skill      XL: |  1  2  3  4  5  6  7  8  9 10 11 12 13 14 15 16 17 18 19 20 21 22 23 24 25 26 27 |
---------------+----------------------------------------------------------------------------------+-----
Axes           | 3 4 5 6 8 10 12 13 15 16 18 19 20 21 22 23 24 26 27 | 27.0
Dodging        | 1 2 3 4 6 7 8 9 10 11 12 13 14 15 16 17 18 19 21 | 21.9
Shields        | 4 5 6 7 8 10 11 12 13 14 15 16 17 18 19 20 21 24 | 24.7
Fighting       | 4 5 6 8 9 10 11 12 13 14 15 16 17 18 19 20 23 24 25 27 | 27.0
Armour         | 4 5 6 8 9 10 11 12 13 14 15 16 17 18 19 20 21 24 | 24.3
Invocations    | 2 5 6 8 10 12 13 14 15 17 18 21 22 23 27 | 27.0
Evocations     | 3 4 6 7 8 9 10 11 12 14 16 18 | 18.7
Spellcasting   | 5 |  5.9

Action                     |  1- 3 |  4- 6 |  7- 9 | 10-12 | 13-15 | 16-18 | 19-21 | 22-24 | 25-27 || total
---------------------------+-------+-------+-------+-------+-------+-------+-------+-------+-------++-------
  Melee: War axe           |    34 |   110 |   172 |    36 |       |       |       |       |       ||   352
         Headbutt          |     7 |    13 |    26 |    88 |   168 |   204 |   298 |   340 |   952 ||  2096
         Broad axe         |       |       |       |   298 |   660 |   976 |  1130 |  1151 |  2639 ||  6854
 Invoke: Cleansing Flame   |       |       |       |       |     2 |       |     7 |     9 |    27 ||    45
         Brand Weapon With |       |       |       |       |       |       |     1 |       |       ||     1
         Summon Divine War |       |       |       |       |       |       |       |     2 |     3 ||     5
         Divine Shield     |       |       |       |       |       |       |       |       |     3 ||     3
  Evoke: Wand              |       |       |    18 |     2 |     5 |     5 |     2 |       |     3 ||    35
         Phantom mirror    |       |       |       |       |     3 |     1 |       |     1 |     1 ||     6
    Use: Scroll            |       |     6 |    15 |    14 |     8 |     6 |     2 |     6 |     5 ||    62
         Potion            |       |       |       |     1 |     4 |     6 |     2 |     3 |    15 ||    31
 Armour: Scale mail        |    10 |       |       |       |       |       |       |       |       ||    10
         Chain mail        |    37 |    97 |   168 |   329 |   502 |       |       |       |       ||  1133
         Gold dragon scale |       |       |       |       |    82 |  1010 |   820 |   729 |  1337 ||  3978
  Dodge: Dodged            |    26 |    51 |    94 |   196 |   404 |   486 |   391 |   320 |   717 ||  2685
         Repelled          |       |       |       |       |     1 |    44 |    13 |     7 |       ||    65
  Block: Buckler           |     8 |    24 |    57 |   109 |   160 |       |       |       |       ||   358
         Kite shield       |       |       |       |       |   240 |   954 |   429 |       |       ||  1623
         Tower shield      |       |       |       |       |       |       |   634 |  1373 |  2936 ||  4943
         Reflection        |       |       |       |       |       |       |       |    33 |    91 ||   124
